 Dungeon Crawl Stone Soup version 0.29-a0-222-g5b244fca1f (webtiles) character file.

Game seed: 1494568188136654204

7639 dolemite99 the Magician (level 11, -12/81 HPs)
             Began as a Gnoll Earth Elementalist on Feb 28, 2022.
             Was a Priest of Sif Muna.
             Mangled by a freezing wraith (15 damage)
             ... on level 9 of the Dungeon.
             The game lasted 00:18:14 (11110 turns).

dolemite99 the Magician (Gnoll Earth Elementalist) Turns: 11110, Time: 00:18:15

Health: -12/81     AC:  9    Str:  7    XL:     11   Next: 18%
Magic:  14/22      EV: 22    Int: 20    God:    Sif Muna [***...]
Gold:   460        SH:  5    Dex: 12    Spells: 19/25 levels left

rFire   + . .      SeeInvis .   a - +3 hand crossbow (freeze)
rCold   . . .      Faith    .   b - orb {light}
rNeg    . . .      Spirit   .   C - +3 leather armour {rF+}
rPois   .          Reflect  +   (no helmet)
rElec   .          Harm     .   (no cloak)
rCorr   .          Rampage  .   E - +1 pair of gloves
Will    .....                   (no boots)
Stlth   ++........              G - amulet of reflection
HPRegen 0.23/turn               j - +4 ring of evasion {=R}
MPRegen 0.18/turn               k - +4 ring of evasion

@: slowed, glowing, very slow
A: fangs 1, strong nose, distributed training
a: Renounce Religion, Channel Magic, Forget Spell


You were on level 9 of the Dungeon.
You worshipped Sif Muna.
Sif Muna was most pleased with you.
You visited 2 branches of the dungeon, and saw 10 of its levels.

You collected 510 gold pieces.
You spent 50 gold pieces at shops.

Inventory:

Hand Weapons
 a - a +3 hand crossbow of freezing (weapon)
 d - a +0 short sword
 i - a +3 flail of protection
 l - a +3 dagger
 u - a +1 vorpal war axe
 w - a +1 dagger of venom
 M - a +0 dagger of electrocution
Missiles
 f - 25 poisoned darts
 h - 4 javelins
 z - 3 throwing nets
 L - 96 stones
Armour
 b - an orb of light (worn)
 v - a +3 ring mail
 C - a +3 leather armour of fire resistance (worn)
 E - a +1 pair of gloves (worn)
 H - a +1 leather armour of positive energy
 R - a +2 scale mail of poison resistance
Magical Staves
 A - a staff of fire
Jewellery
 e - a +6 ring of strength
 g - a +6 ring of dexterity
 j - a +4 ring of evasion (left hand) {=R}
 k - a +4 ring of evasion (right hand)
 G - an amulet of reflection (around neck)
 J - a ring of fire
 N - a +6 ring of dexterity
Wands
 c - a wand of mindburst (17)
 x - a wand of paralysis (20)
 B - a wand of flame (1)
 F - a wand of iceblast (2)
Scrolls
 m - 2 scrolls of vulnerability
 y - 2 scrolls of fog
 D - 2 scrolls of amnesia
 I - 3 scrolls of blinking
Potions
 n - a potion of attraction
 o - a potion of might
 p - a potion of curing
 q - 2 potions of flight
 r - a potion of heal wounds
 t - a potion of haste
 K - a potion of brilliance {unknown}
 O - a potion of degeneration {unknown}
 P - a potion of cancellation {unknown}
 Q - a potion of berserk rage


   Skills:
 + Level 6.0 Fighting
 + Level 6.0 Short Blades
 + Level 6.0 Long Blades
 + Level 6.0 Axes
 + Level 6.0 Maces & Flails
 + Level 6.0 Polearms
 + Level 6.0 Staves
 + Level 6.0 Slings
 + Level 6.0 Bows
 + Level 6.0 Crossbows
 + Level 6.0 Throwing
 + Level 6.0 Armour
 + Level 7.7 Dodging
 + Level 7.4 Stealth
 + Level 6.0 Shields
 + Level 6.0 Unarmed Combat
 + Level 7.9 Spellcasting
 + Level 5.0 Conjurations
 + Level 5.0 Hexes
 + Level 5.0 Summonings
 + Level 5.0 Necromancy
 + Level 5.0 Translocations
 + Level 5.5 Transmutations
 + Level 5.0 Fire Magic
 + Level 5.0 Ice Magic
 + Level 5.0 Air Magic
 + Level 7.5 Earth Magic
 + Level 5.0 Poison Magic
 + Level 6.6 Invocations
 + Level 6.0 Evocations


You had 19 spell levels left.
You knew the following spells:

 Your Spells              Type           Power      Damage    Failure   Level
a - Sandblast             Erth           76%        2d16      1%          1
b - Stone Arrow           Conj/Erth      66%        3d11      2%          3
c - Passwall              Tmut/Erth      28%        N/A       1%          2

Your spell library contained the following spells:

 Spells                   Type           Power      Damage    Failure   Level
 Beastly Appendage        Tmut           60%        N/A       1%          1
 Wereblood                Tmut           30%        N/A       1%          2
 Spider Form              Tmut/Pois      29%        N/A       4%          3
 Summon Guardian Golem    Hex/Summ       28%        N/A       4%          3
 Petrify                  Tmut/Erth      34%        N/A       9%          4
 Fulminant Prism          Conj/Hex       14%        3d9       16%         4
 Iskenderun's Mystic Bla  Conj/Tloc      28%        2d7       16%         4
 Lee's Rapid Deconstruct  Erth           19%        3d12*     16%         5
 Orb of Destruction       Conj           14%        9d7       100%        7
 Spellforged Servitor     Conj/Summ      14%        N/A       100%        7


Dungeon Overview and Level Annotations

Branches:
Dungeon (9/15)             Temple (1/1) D:6
   Lair: D:8-11         Orc: D:9-12

Altars:
Cheibriados
Elyvilon
Fedhas
Gozag
Hepliaklqana
Kikubaaqudgha
Makhleb
Nemelex Xobeh
Qazlal
Ru
Sif Muna
Trog
Uskayaw
Vehumet
Xom
Yredelemnul
Zin
The Shining One

Shops:
D:2 *

Annotations:
D:4 Natasha
D:5 exclusion: door


Innate Abilities, Weirdness & Mutations

You have very sharp teeth.
Your uncanny sense of smell can sniff out nearby items.
Your experience applies equally to all skills.


Message History

Press: ? - help, Shift-Dir - straight line, f/p - freezing wraith
Aim: a freezing wraith (moderately damaged, haloed, 86% to hit)
The blast of sand hits the freezing wraith but does no damage.
The freezing wraith is moderately damaged.
L - 98 stones The freezing wraith hits you.
The freezing wraith freezes you!!
The freezing wraith completely misses you.
Casting: Sandblast (safe; 1% risk of failure)
Confirm with . or Enter, or press ? or * to list all spells.
Aiming: Sandblast (safe; 1% risk of failure)
Press: ? - help, Shift-Dir - straight line, f/p - freezing wraith
Aim: a freezing wraith (moderately damaged, haloed, 86% to hit)
The blast of sand hits the freezing wraith but does no damage.
The freezing wraith is moderately damaged.
L - 97 stones The freezing wraith hits you!
* * * LOW HITPOINT WARNING * * *
The freezing wraith freezes you!
* * * LOW HITPOINT WARNING * * *
The freezing wraith misses you. x2
The freezing wraith completely misses you.
Casting: Sandblast (safe; 1% risk of failure)
Confirm with . or Enter, or press ? or * to list all spells.
Aiming: Sandblast (safe; 1% risk of failure)
Press: ? - help, Shift-Dir - straight line, f/p - freezing wraith
Aim: a freezing wraith (moderately damaged, haloed, 86% to hit)
The blast of sand misses the freezing wraith.
L - 96 stones The freezing wraith closely misses you.
You block the freezing wraith's attack.
Casting: Sandblast (safe; 1% risk of failure)
Confirm with . or Enter, or press ? or * to list all spells.
Aiming: Stone Arrow (mildly dangerous; 2% risk of failure)
Press: ? - help, Shift-Dir - straight line, f/p - freezing wraith
Aim: a freezing wraith (moderately damaged, haloed, 82% to hit)
The stone arrow hits the freezing wraith!
The freezing wraith is heavily damaged.
The freezing wraith hits you!
* * * LOW HITPOINT WARNING * * *
The freezing wraith freezes you!
You die...

#.#.∆
#.
###.
#. ∆
#. #.
∆ ∆ #.
∆ #. ∆
∆ #.
#####
#.
#.W@#
#. ∆
#)###
#.
.)..
###.##
#.#
###


You could see a freezing wraith.

Vanquished Creatures
  2 centaur warriors (D:9)
  2 two-headed ogres
  An ugly thing (D:9)
  A gargoyle (D:9)
  A komodo dragon (D:5)
  A wraith (D:9)
  A yak (D:9)
  2 wyverns (D:9)
  A basilisk (D:9)
  Menkaure (D:5)
  An acid dragon (D:7)
  A water moccasin (D:6)
  5 orc warriors
  2 ice beasts
  3 sky beasts
  A necrophage (D:5)
  2 ogres
  3 centaurs
  A phantom (D:5)
  4 lemures (D:7)
  2 kobold brigands
  4 bullfrogs
  A gnoll sergeant (D:8)
  A scorpion (D:7)
  5 wights
  A killer bee (D:9)
  6 howler monkeys
  3 hounds
  3 jellies
  A gnoll shaman (D:9)
  5 orc priests
  Natasha (twice) (D:4)
  2 iguanas
  4 orc wizards
  5 adders
  4 gnolls (D:8)
  4 shadow imps
  4 white imps
  2 ufetubi
  A worm (D:5)
  A dart slug (D:2)
  29 orcs
  4 ball pythons
  7 bats
  2 endoplasms
  4 giant cockroaches (D:2)
  10 hobgoblins
  8 jackals
  13 kobolds
  3 quokkas
  A frilled lizard (D:2)
  7 goblins
  2 rats
  A spectral kobold (D:3)
188 creatures vanquished.

Vanquished Creatures (others)
  5 fungi (D:9)
  23 plants (D:9)
28 creatures vanquished.

Grand Total: 216 creatures vanquished

Notes
Turn   | Place    | Note
-------+----------+-------------------------------------------
     0 | D:1      | dolemite99 the Gnoll Earth Elementalist began the quest for
                  | the Orb.
     0 | D:1      | Reached XP level 1. HP: 13/13 MP: 6/6
   133 | D:1      | Reached XP level 2. HP: 19/19 MP: 5/7
   290 | D:1      | Learned a level 2 spell: Passwall
  1108 | D:2      | Reached XP level 3. HP: 25/25 MP: 7/9
  1125 | D:2      | Reached skill level 5 in Spellcasting
  1302 | D:2      | Reached skill level 1 in Invocations
  1414 | D:2      | Learned a level 3 spell: Stone Arrow
  1521 | D:2      | Found Xozyf's Assorted Antiques.
  1531 | D:2      | Reached skill level 1 in Fighting
  1531 | D:2      | Reached skill level 1 in Short Blades
  1531 | D:2      | Reached skill level 1 in Long Blades
  1531 | D:2      | Reached skill level 1 in Axes
  1531 | D:2      | Reached skill level 1 in Maces & Flails
  1531 | D:2      | Reached skill level 1 in Polearms
  1531 | D:2      | Reached skill level 1 in Staves
  1531 | D:2      | Reached skill level 1 in Slings
  1531 | D:2      | Reached skill level 1 in Bows
  1531 | D:2      | Reached skill level 1 in Crossbows
  1531 | D:2      | Reached skill level 1 in Throwing
  1531 | D:2      | Reached skill level 1 in Armour
  1531 | D:2      | Reached skill level 1 in Shields
  1531 | D:2      | Reached skill level 1 in Unarmed Combat
  1531 | D:2      | Reached skill level 1 in Evocations
  1534 | D:2      | Bought a scroll labelled KOGGUTZ WISA for 25 gold pieces
  1548 | D:2      | Bought a scroll labelled OPHOTO AXEIWU for 25 gold pieces
  1845 | D:3      | Found a shimmering blue altar of Sif Muna.
  1875 | D:3      | Reached XP level 4. HP: 32/32 MP: 7/11
  2110 | D:3      | Became a worshipper of Sif Muna the Loreminder
  2342 | D:3      | Reached skill level 1 in Conjurations
  2342 | D:3      | Reached skill level 1 in Hexes
  2342 | D:3      | Reached skill level 1 in Summonings
  2342 | D:3      | Reached skill level 1 in Necromancy
  2342 | D:3      | Reached skill level 1 in Translocations
  2342 | D:3      | Reached skill level 1 in Fire Magic
  2342 | D:3      | Reached skill level 1 in Ice Magic
  2342 | D:3      | Reached skill level 1 in Air Magic
  2342 | D:3      | Reached skill level 1 in Poison Magic
  2346 | D:3      | Reached XP level 5. HP: 32/37 MP: 6/12
  2660 | D:3      | Found a faded altar of an unknown god.
  2836 | D:4      | Noticed an ice beast
  2855 | D:4      | Killed an ice beast
  2856 | D:4      | Reached skill level 5 in Dodging
  2856 | D:4      | Reached XP level 6. HP: 15/44 MP: 7/14
  3314 | D:4      | Noticed Natasha
  3320 | D:4      | Killed Natasha
  3358 | D:4      | Noticed an orc warrior
  3365 | D:4      | Noticed Natasha
  3375 | D:4      | Killed Natasha
  3392 | D:4      | Reached * piety under Sif Muna
  3634 | D:4      | Found a white marble altar of Elyvilon.
  3728 | D:4      | Killed an orc warrior
  3729 | D:4      | Reached XP level 7. HP: 26/51 MP: 1/15
  3762 | D:4      | Noticed Natasha
  3980 | D:5      | Entered Level 5 of the Dungeon
  4050 | D:5      | Noticed a two-headed ogre
  4129 | D:5      | Noticed Menkaure
  4135 | D:5      | Killed Menkaure
  4302 | D:5      | Reached skill level 5 in Stealth
  4382 | D:5      | Noticed a komodo dragon
  4394 | D:5      | Killed a komodo dragon
  4395 | D:5      | Reached XP level 8. HP: 58/58 MP: 8/16
  4761 | D:5      | Killed a two-headed ogre
  4762 | D:5      | Reached XP level 9. HP: 65/65 MP: 13/18
  4892 | D:5      | Found a bloodstained altar of Trog.
  4977 | D:5      | Found a bloodstained altar of Trog.
  5040 | D:5      | Found a sacrificial altar of Ru.
  5470 | D:6      | Found a staircase to the Ecumenical Temple.
  5774 | D:6      | Reached ** piety under Sif Muna
  6353 | Temple   | Entered the Ecumenical Temple
  6757 | D:7      | Reached skill level 5 in Invocations
  8667 | D:7      | Reached XP level 10. HP: 19/73 MP: 13/20
  9711 | D:8      | Reached skill level 5 in Fighting
  9711 | D:8      | Reached skill level 5 in Short Blades
  9711 | D:8      | Reached skill level 5 in Long Blades
  9711 | D:8      | Reached skill level 5 in Axes
  9711 | D:8      | Reached skill level 5 in Maces & Flails
  9711 | D:8      | Reached skill level 5 in Polearms
  9711 | D:8      | Reached skill level 5 in Staves
  9711 | D:8      | Reached skill level 5 in Slings
  9711 | D:8      | Reached skill level 5 in Bows
  9711 | D:8      | Reached skill level 5 in Crossbows
  9711 | D:8      | Reached skill level 5 in Throwing
  9711 | D:8      | Reached skill level 5 in Armour
  9711 | D:8      | Reached skill level 5 in Shields
  9711 | D:8      | Reached skill level 5 in Unarmed Combat
  9711 | D:8      | Reached skill level 5 in Evocations
 10585 | D:9      | Found a hazy altar of Hepliaklqana.
 10650 | D:9      | Reached *** piety under Sif Muna
 10656 | D:9      | Noticed a seven-headed hydra
 10746 | D:9      | Noticed a two-headed ogre
 10750 | D:9      | Noticed a brown ugly thing
 10752 | D:9      | Killed a two-headed ogre
 10753 | D:9      | Reached skill level 5 in Transmutations
 10760 | D:9      | Killed a brown ugly thing
 10765 | D:9      | Noticed a centaur warrior
 10770 | D:9      | HP: 3/75 [centaur warrior (4)]
 10774 | D:9      | Killed a centaur warrior
 10779 | D:9      | Reached XP level 11. HP: 17/81 MP: 12/22
 11013 | D:9      | Noticed a centaur warrior
 11017 | D:9      | Killed a centaur warrior
 11018 | D:9      | Reached skill level 5 in Conjurations
 11018 | D:9      | Reached skill level 5 in Hexes
 11018 | D:9      | Reached skill level 5 in Summonings
 11018 | D:9      | Reached skill level 5 in Necromancy
 11018 | D:9      | Reached skill level 5 in Translocations
 11018 | D:9      | Reached skill level 5 in Fire Magic
 11018 | D:9      | Reached skill level 5 in Ice Magic
 11018 | D:9      | Reached skill level 5 in Air Magic
 11018 | D:9      | Reached skill level 5 in Poison Magic
 11110 | D:9      | HP: 3/81 [freezing wraith (8)]
 11110 | D:9      | Mangled by a freezing wraith

Illustrated notes

Levels and vault maps discovered:
D:1:      dpeg_arrival_rooms_with_view, layout_loops_ring,
          minmay_tree_intersection
D:2:      layout_rooms, serial_shops, shop, minmay_cupped
D:3:      layout_rooms, amcnicky_altar_gilded,
          dreamdust_ecumenical_altar_drowned_temple, glass_columns_c,
          moated_statue
D:4:      layout_cave_pools, kennysheep_mini_moat, minmay_misc_feat_tower,
          st_stairs_3, minmay_statues_item, uniq_natasha
D:5:      layout_basic, nicolae_ru_sacrificial_ziggurat,
          mainiacjoe_overflow_brackets, cheibrodos_sewer_entry_bend,
          minmay_ruined_shrine, uniq_menkaure
D:6:      layout_rooms, minmay_temple_entry_enclosed_plants
D:7:      layout_loops_corners, uniq_pikel
D:8:      layout_basic
D:9:      minmay_the_grid_square_5x5_4x4 [minmay_the_grid_square_5x5_shrine1,
          minmay_the_grid_square_5x5_inner_z,
          minmay_the_grid_square_5x5_detours,
          minmay_the_grid_square_5x5_eight_small,
          minmay_the_grid_square_5x5_three_walls,
          minmay_the_grid_square_5x5_prize_gold,
          minmay_the_grid_square_5x5_prize_rear_guard,
          minmay_the_grid_square_5x5_mess,
          minmay_the_grid_square_5x5_sharp_hourglass,
          minmay_the_grid_square_5x5_prize_monsterx,
          minmay_the_grid_square_5x5_prize_itemx,
          minmay_the_grid_square_5x5_fat_x,
          minmay_the_grid_square_5x5_misaligned,
          minmay_the_grid_square_5x5_dogpile, minmay_the_grid_square_5x5_forky,
          minmay_the_grid_square_5x5_seven], layout_cross,
          nicolae_overflow_hallway_of_the_gods, minmay_lair_entry_grove
Temple:   oiseaux_autumnal_temple

Skill      XL: |  1  2  3  4  5  6  7  8  9 10 11 |
---------------+----------------------------------+-----
Transmutations | 2 3 4 5 |  5.5
Spellcasting   | 5 6 7 |  7.9
Invocations    | 1 2 3 4 5 6 |  6.6
Fighting       | 1 2 3 4 5 6 |  6.0
Short Blades   | 1 2 3 4 5 6 |  6.0
Long Blades    | 1 2 3 4 5 6 |  6.0
Axes           | 1 2 3 4 5 6 |  6.0
Maces & Flails | 1 2 3 4 5 6 |  6.0
Polearms       | 1 2 3 4 5 6 |  6.0
Staves         | 1 2 3 4 5 6 |  6.0
Slings         | 1 2 3 4 5 6 |  6.0
Bows           | 1 2 3 4 5 6 |  6.0
Crossbows      | 1 2 3 4 5 6 |  6.0
Throwing       | 1 2 3 4 5 6 |  6.0
Armour         | 1 2 3 4 5 6 |  6.0
Shields        | 1 2 3 4 5 6 |  6.0
Unarmed Combat | 1 2 3 4 5 6 |  6.0
Evocations     | 1 2 3 4 5 6 |  6.0
Conjurations   | 1 2 3 4 5 |  5.0
Hexes          | 1 2 3 4 5 |  5.0
Summonings     | 1 2 3 4 5 |  5.0
Necromancy     | 1 2 3 4 5 |  5.0
Translocations | 1 2 3 4 5 |  5.0
Fire Magic     | 1 2 3 4 5 |  5.0
Ice Magic      | 1 2 3 4 5 |  5.0
Air Magic      | 1 2 3 4 5 |  5.0
Poison Magic   | 1 2 3 4 5 |  5.0
Dodging        | 5 6 7 |  7.7
Stealth        | 5 6 7 |  7.4
Earth Magic    | 6 7 |  7.5

Action                   |  1- 3 |  4- 6 |  7- 9 | 10-12 || total
-------------------------+-------+-------+-------+-------++-------
Melee: Short sword       |     1 |       |       |       ||     1
       Dagger            |    10 |    53 |    54 |       ||   117
       Bite              |       |     6 |     6 |       ||    12
       Punch             |       |     1 |     4 |       ||     5
 Fire: Hand crossbow     |       |       |    72 |    60 ||   132
 Cast: Sandblast         |    49 |    51 |   109 |    79 ||   288
       Stone Arrow       |       |     4 |     4 |    19 ||    27
Invok: Channel Magic     |       |       |       |     1 ||     1
Evoke: Wand              |       |       |    11 |       ||    11
  Use: Scroll            |     6 |     3 |     6 |     4 ||    19
       Potion            |       |     2 |       |     3 ||     5
 Stab: Sleeping          |       |     2 |       |       ||     2
Armor: Robe              |    11 |     2 |       |       ||    13
       Leather armour    |       |     3 |    25 |    12 ||    40
Dodge: Dodged            |    46 |    54 |    96 |    85 ||   281
Block: Other             |       |       |    25 |       ||    25
       Orb               |       |       |     6 |    27 ||    33
       Reflection        |       |       |     4 |     3 ||     7

Table legend: (Time is in decaauts)
 A = Elapsed time spent in this place.
 B = Non-inter-level travel time spent in this place.
 C = Inter-level travel time spent in this place.
 D = Time resting spent in this place.
 E = Time spent auto-exploring this place.
 F = Levels seen in this place.
 G = Mean time per level.
                   A        B        C        D        E       F      G
               +--------+--------+--------+--------+--------+-----+--------+
         Total |  11163 |  10781 |    382 |   4664 |   3883 |  10 | 1116.3 |
       Dungeon |  10896 |  10544 |    352 |   4664 |   3659 |   9 | 1210.7 |
        Temple |    267 |    237 |     30 |      0 |    224 |   1 |  267.0 |
               +--------+--------+--------+--------+--------+-----+--------+

Top non-repeatable levels by time:
     D:7: 2635 daAuts
     D:5: 1408 daAuts
     D:8: 1260 daAuts
     D:3: 1124 daAuts
     D:4: 1047 daAuts
     D:2: 1026 daAuts
     D:6: 987 daAuts
     D:1: 807 daAuts
     D:9: 597 daAuts
  Temple: 267 daAuts
